 Dungeon Crawl Stone Soup version 0.30-a0-1160-g6e42c06551 (webtiles) character file.

Game seed: 6615255947113755378

66745 bladeefan the Severer (level 15, -7/150 HPs)
             Began as a Hill Orc Monk on Apr 24, 2023.
             Was the Champion of Beogh.
             Mangled by a spark wasp (8 damage)
             ... on level 1 of the Spider Nest on Apr 25, 2023.
             The game lasted 01:01:19 (22774 turns).

bladeefan the Severer (Hill Orc Monk)              Turns: 22774, Time: 01:01:19

Health: -7/150     AC: 13    Str: 22    XL:     15   Next: 20%
Magic:  24/24      EV:  9    Int: 10    God:    Beogh [******]
Gold:   1145       SH:  5    Dex: 22    Spells: 14/14 levels left

rFire   . . .        W - +3 battleaxe (flame)
rCold   + . .        (shield currently unavailable)
rNeg    . . .        J - +0 plate armour
rPois   +            h - +0 helmet of Twilight {Regen+ Dex+5}
rElec   +            e - +2 cloak of Fiohuh {+Blink rElec Regen+ Dex+4}
rCorr   .            (no gloves)
SInv    .            (no boots)
Will    +....        H - amulet "Guyneso" {Reflect rPois SH+5} Stlth
                     o - ring of protection from cold
HPRegen 2.05/turn    q - ring of poison resistance
MPRegen 0.19/turn

%: reflection
@: corroded
A: walk on water, teleportitis 1
a: Renounce Religion, Evoke Blink, Smiting, Recall Orcish Followers, Give Item
to Named Follower, Resurrection


You were on level 1 of the Spider Nest.
You worshipped Beogh.
Beogh was exalted by your worship.
You visited 4 branches of the dungeon, and saw 19 of its levels.
You visited the Abyss 1 time.
You also visited: Ossuary.

You collected 1572 gold pieces.
You spent 427 gold pieces at shops.

Inventory:

Hand Weapons
 r - a +5 heavy hand axe
   (You found it on level 1 of the Dungeon)
 S - the +4 hand axe of Telling Certain Death {freeze, Fly MP+9 Dex-2 SInv}
   (You found it on level 2 of the Lair of Beasts)

   Dex:       It affects your dexterity (-2).
   MP:        It affects your magic capacity (+9).
   SInv:      It lets you see invisible.
   Fly:       It grants you flight.
 W - a +3 battleaxe of flaming (weapon)
   (You found it on level 5 of the Lair of Beasts)
Missiles
 f - 2 throwing nets (quivered) {!f}
Armour
 e - the +2 cloak of Fiohuh (worn) {+Blink rElec Regen+ Dex+4}
   (You found it on level 4 of the Lair of Beasts)

   Dex:       It affects your dexterity (+4).
   rElec:     It insulates you from electricity.
   +Blink:    It lets you blink.
   Regen:     It increases your rate of health regeneration.
 h - the +0 helmet of Twilight (worn) {Regen+ Dex+5}
   (You found it on level 3 of the Dungeon)

   Dex:       It affects your dexterity (+5).
   Regen:     It increases your rate of health regeneration.
 n - an orb of light
 J - a +0 plate armour (worn)
   (You found it on level 8 of the Dungeon)
 N - the +0 ring mail "Luga" {+Blink Str+3 Int+3 Dex-2}
   (You found it on level 8 of the Dungeon)

   Str:       It affects your strength (+3).
   Int:       It affects your intelligence (+3).
   Dex:       It affects your dexterity (-2).
   +Blink:    It lets you blink.
 T - the +1 leather armour "Neuph" {-Cast rF++ rCorr Stlth+}
   (You found it on level 3 of the Lair of Beasts)

   rF:        It greatly protects you from fire.
   -Cast:     It prevents spellcasting.
   rCorr:     It protects you from acid and corrosion.
   Stlth:     It makes you more stealthy.
 V - the +0 robe of the Lonely Heavens {rF+++ Int-5 Dex+3 Stlth+}
   (You found it on level 5 of the Lair of Beasts)

   Int:       It affects your intelligence (-5).
   Dex:       It affects your dexterity (+3).
   rF:        It renders you almost immune to fire.
   Stlth:     It makes you more stealthy.
Magical Staves
 O - the staff of fire "Hustrucvi" {Fragile rF+ Dex+6}
   (You found it on level 10 of the Dungeon)

   [staff of fire]

   Base accuracy: +5 Base damage: 5 Base attack delay: 1.2 This weapon's minimum
   attack delay (0.6) is reached at skill level 12.
   Dex:       It affects your dexterity (+6).
   rF:        It protects you from fire.
   Fragile:   It will be destroyed if unequipped.
   It falls into the 'Staves' category.
   It is a one-handed weapon.
Jewellery
 b - a +6 ring of intelligence
   (You found it on level 1 of the Dungeon)
 o - a ring of protection from cold (left hand)
   (You found it on level 9 of the Dungeon)
 q - a ring of poison resistance (right hand)
   (You found it on level 3 of the Dungeon)
 z - a ring of see invisible
   (You found it in an ossuary)
 H - the amulet "Guyneso" (around neck) {Reflect rPois SH+5}
   (You took it off a spriggan on level 5 of the Lair of Beasts)

   [amulet of reflection]

   It reflects blocked missile attacks.
   rPois:     It protects you from poison.
   SH:        It affects your SH (+5).
Wands
 a - a wand of polymorph (11)
   (You found it on level 7 of the Dungeon)
 d - a wand of iceblast (24)
   (You found it on level 6 of the Dungeon)
 l - a wand of light (13)
   (You found it on level 7 of the Dungeon)
 t - a wand of flame (39)
   (You found it on level 8 of the Dungeon)
 u - a wand of paralysis (17)
   (You found it on level 4 of the Dungeon)
 v - a wand of digging (14)
   (You found it on level 5 of the Dungeon)
Scrolls
 k - 5 scrolls of teleportation {@r4}
 y - 3 scrolls of fear
 F - 5 scrolls of fog
 G - 6 scrolls of poison
 L - 8 scrolls of identify {@r1}
 M - a scroll of butterflies
 P - 2 scrolls of noise {!r}
 Q - 2 scrolls of blinking
 R - a scroll of enchant armour
Potions
 c - 7 potions of heal wounds {@q2}
 g - 12 potions of curing {@q1}
 i - 4 potions of brilliance
 j - 4 potions of ambrosia
 m - 4 potions of mutation {!q}
 p - 2 potions of magic
 s - 5 potions of might
 x - 2 potions of cancellation
 A - 7 potions of attraction {!q}
 B - 4 potions of flight
 C - a potion of resistance
 D - 5 potions of haste {@q3}
 E - a potion of lignification {!q}
 I - a potion of invisibility


   Skills:
 * Level 18.5 Fighting
 + Level 19.6 Axes
 + Level 13.7 Armour
 - Level 2.4 Dodging
 + Level 12.0 Invocations


You had 14 spell levels left.
You didn't know any spells.
Your spell library contained the following spells:

 Spells                   Type           Power      Damage    Failure   Level
 Apportation              Tloc           0%         N/A       98%         1
 Magic Dart               Conj           0%         1d3       98%         1
 Necrotise                Necr           0%         1d4       98%         1
 Summon Small Mammal      Summ           0%         N/A       98%         1
 Call Imp                 Summ           0%         N/A       99%         2
 Cigotuvi's Dreadful Rot  Necr/Pois/Air  0%         N/A       99%         2
 Searing Ray              Conj           0%         2d4       99%         2
 Static Discharge         Conj/Air       0%         2-2/arc   99%         2
 Sublimation of Blood     Necr           0%         N/A       99%         2
 Mephitic Cloud           Conj/Pois/Air  0%         N/A       100%        3
 Ozocubu's Armour         Ice            0%         N/A       100%        3
 Stone Arrow              Conj/Erth      0%         3d7       100%        3
 Tukima's Dance           Hex            0%         N/A       100%        3
 Vhi's Electric Charge    Tloc/Air       0%         N/A       100%        3
 Animate Armour           Summ/Erth      0%         N/A       100%        4
 Animate Dead             Necr           0%         N/A       100%        4
 Dispel Undead            Necr           0%         3d6       100%        4
 Fulminant Prism          Conj/Hex       0%         3d5       100%        4
 Passage of Golubria      Tloc           0%         N/A       100%        4
 Petrify                  Tmut/Erth      0%         N/A       100%        4
 Borgnjor's Vile Clutch   Necr/Erth      0%         N/A       100%        5
 Irradiate                Conj/Tmut      0%         3d11      100%        5
 Metabolic Englaciation   Hex/Ice        0%         N/A       100%        5
 Yara's Violent Unravell  Hex/Tmut       0%         3d3       100%        5
 Death Channel            Necr           0%         N/A       100%        6
 Simulacrum               Ice/Necr       0%         N/A       100%        6
 Orb of Destruction       Conj           0%         9d5       100%        7
 Lehudib's Crystal Spear  Conj/Erth      0%         10d2      100%        8


Dungeon Overview and Level Annotations

Branches:
Dungeon (11/15)            Temple (0/1) D:5            Lair (5/5) D:9
  Swamp (0/4) Lair:3       Spider (1/4) Lair:3        Slime (0/5) Lair:5
    Orc (2/2) D:10            Elf (0/3) Orc:2       Ossuary (visited)

Altars:
Ashenzari
Fedhas
Gozag
Hepliaklqana
Kikubaaqudgha
Makhleb
Okawaru
Ru
Sif Muna
Uskayaw
Vehumet
Wu Jian
Xom
Beogh
Jiyva
Lugonu

Shops:
D:4 *   D:9 [**!   D:10 *   Orc:1 :   Orc:2 :[[=

Portals:
Abyss: Lair:5

Annotations:
Lair:3 1 runed translucent door


Innate Abilities, Weirdness & Mutations

You can walk on water.
You are occasionally teleported next to monsters.


Message History

The entropy weaver hits you but does no damage.
The entropy weaver barely misses you. The spark wasp completely misses you.
You miss the entropy weaver. You barely miss the spark wasp.
The spark wasp stings your ice devil! The spark wasp shocks your ice devil!
The spark wasp stings you! The spark wasp shocks you. You resist.
The entropy weaver barely misses you. x3; The entropy weaver hits you.
Your hellwing closely misses the spark wasp.
Your hellwing hits the spark wasp but does no damage.
Your ice devil closely misses the spark wasp.
Your ice devil barely misses the spark wasp.
You slash the entropy weaver! You burn the entropy weaver.
You barely miss the spark wasp.
Your ice devil disappears in a puff of smoke! x2
The spark wasp stings you!! The spark wasp shocks you. You resist.
* * * LOW HITPOINT WARNING * * *
The entropy weaver hits you.
* * * LOW HITPOINT WARNING * * *
The entropy weaver closely misses you. x2
You block the entropy weaver's attack.
Your hellwing misses the spark wasp. Your hellwing hits the spark wasp.
You completely miss the entropy weaver. You slash the spark wasp!
You burn the spark wasp. You completely miss the spark wasp.
The spark wasp stings you but does no damage.
The spark wasp stings you!
* * * LOW HITPOINT WARNING * * *
The spark wasp shocks you. You resist.
* * * LOW HITPOINT WARNING * * *
The entropy weaver closely misses you.
The entropy weaver hits you but does no damage.
The entropy weaver hits you!
* * * LOW HITPOINT WARNING * * *
The entropy weaver closely misses you. The spark wasp stings you!!
* * * LOW HITPOINT WARNING * * *
The spark wasp shocks you. You resist.
* * * LOW HITPOINT WARNING * * *
The entropy weaver attacks as you move away!
The entropy weaver hits you.
* * * LOW HITPOINT WARNING * * *
You block the entropy weaver's attack. The entropy weaver hits you!
* * * LOW HITPOINT WARNING * * *
You block the entropy weaver's attack.
Your hellwing misses the spark wasp. Your hellwing hits the spark wasp.
Something bites your orc high priest but does no damage.
The spark wasp stings you.
* * * LOW HITPOINT WARNING * * *
The spark wasp shocks you. You resist.
* * * LOW HITPOINT WARNING * * *
Your orc high priest completely misses something.
The spark wasp stings you!
You die...

..#....#. ..#...... #.
......... . .####
......... .. ..#.### #..
..... ... .....##.# #..#
.... #......## #..##
..... ##^......## #...#
......##@....^#^.# ##....
......Byy4..^#.#^###..###
.......##)..#.>^##...## #
.....#.^....^#.#^.^..# #
.... ###.o...^#^.....#
..# ##..#.........## .
##..##....†††.##
##............#.
##..o..........#


You could see an entropy weaver, 2 spark wasps, a friendly orc high priest and a
friendly hellwing (summoned).

Vanquished Creatures
  A dread lich (Abyss:2)
  2 tentacled starspawn (Abyss:2)
  A hydra (Lair:5)
  A catoblepas (Lair:2)
  A radroach (Spider:1)
  3 two-headed ogres
  An orc high priest (Orc:2)
  4 death yaks
  A thrashing horror (Lair:5)
  A skyshark (Lair:3)
  A sun moth (Spider:1)
  4 lindwurms
  A steelbarb worm (Spider:1)
  Pikel (D:4)
  11 elephants
  2 ugly things (Lair:5)
  A worldbinder (Abyss:2)
  3 smoke demons
  3 black mambas
  5 cane toads
  An orange demon (Abyss:2)
  3 kobold demonologists (D:9)
  A rime drake (Lair:5)
  An unseen horror (D:10)
  4 komodo dragons
  3 trolls
  Grinder (D:4)
  2 hornets
  2 polar bears
  A raiju (Abyss:2)
  A harpy skeleton (Abyss:2)
  A tarantella (Spider:1)
  9 blink frogs
  A culicivora (Spider:1)
  A spriggan (Lair:5)
  2 jumping spiders (Spider:1)
  A wyvern (Lair:2)
  15 yaks
  A shadow (D:10)
  8 basilisks
  A human (Lair:3)
  A neqoxec (Abyss:2)
  Grum (D:8)
  2 steam dragons
  2 chaos spawn (Lair:5)
  4 redbacks (Spider:1)
  4 wargs
  10 water moccasins
  2 swamp worms (Lair:3)
  An acid dragon (D:10)
  5 orc warriors
  5 large abominations
  2 sky beasts
  A hornet zombie (Ossuary)
  2 ice beasts
  2 black bears
  7 ogres
  13 wolves
  6 centaurs
  3 phantoms (D:4)
  2 kobold brigands
  11 bullfrogs
  A bullfrog (shapeshifter) (Lair:5)
  4 wights
  5 scorpions
  5 killer bees
  3 vampire bats (D:4)
  3 howler monkeys
  9 small abominations
  A quasit (Abyss:2)
  7 centaur zombies
  7 bullfrog zombies (Ossuary)
  4 orc priests
  4 hounds
  2 gnoll boudas
  6 iguanas
  2 orc wizards (D:5)
  A sleepcap (D:6)
  2 killer bee zombies (Ossuary)
  15 mummies
  Robin (D:2)
  2 howler monkey zombies (Ossuary)
  7 adders
  24 gnolls
  A shadow imp (D:6)
  A white imp (D:8)
  An ufetubus (D:4)
  A worm (D:5)
  30 orcs
  2 bat skeletons (D:4)
  3 bat zombies (D:4)
  3 endoplasms
  3 giant cockroaches
  22 goblins
  7 hobgoblins
  14 jackals
  2 quokkas
  4 ball pythons
  4 bats
  3 frilled lizards
  10 kobolds
  2 rats
  A plant (Lair:5)
  3 starspawn tentacles (Abyss:2)
426 creatures vanquished.

Vanquished Creatures (collateral kills)
  The ghost of themarg the Fighter, a journeyman DsCA of Ignis (Lair:4)
  3 hydras
  Erolcha (Orc:1)
  10 death yaks
  3 orc high priests (Orc:2)
  4 skysharks
  2 thrashing horrors (Lair:5)
  A pharaoh ant (Spider:1)
  3 skeletal warriors (D:11)
  A lindwurm (Lair:5)
  An oklob plant (Lair:5)
  A wolf spider (Spider:1)
  A manticore (D:11)
  A cyclops (Orc:2)
  2 black mambas (Lair:4)
  8 elephants
  A torpor snail (Lair:3)
  4 cane toads
  2 unseen horrors
  A smoke demon (Lair:5)
  3 komodo dragons
  A troll (D:10)
  An ancient zyme (Lair:5)
  3 polar bears
  17 blink frogs
  A jumping spider (Spider:1)
  A spriggan (Lair:5)
  2 culicivoras (Spider:1)
  2 small abominations (Lair:5)
  A ynoxinul (Lair:5)
  4 yaks
  A human (D:10)
  5 basilisks
  A redback (Spider:1)
  7 water moccasins
  4 wargs
  An acid dragon (D:11)
  An orc warrior (Orc:2)
  2 ogres (Orc:1)
  A black bear (D:7)
  4 wolves
  4 centaurs
  A kobold brigand (D:9)
  A scorpion (Lair:1)
  4 bullfrogs
  2 gnoll sergeants (D:9)
  4 wights
  3 killer bees (D:9)
  2 electric eels (Lair:3)
  12 orc priests
  5 orc wizards
  9 gnolls (D:9)
  17 orcs
  2 kobolds (D:9)
180 creatures vanquished.

Vanquished Creatures (others)
  5 orc high priests
  2 orc knights
  3 orc warriors
  12 orc wizards
  16 orc priests
  44 orcs
  33 fungi
  53 plants
  A starspawn tentacle (Abyss:2)
  3 withered plants (Ossuary)
172 creatures vanquished.

Grand Total: 778 creatures vanquished

Notes
Turn   | Place    | Note
-------+----------+-------------------------------------------
     0 | D:1      | bladeefan the Hill Orc Monk began the quest for the Orb.
     0 | D:1      | Reached XP level 1. HP: 19/19 MP: 1/1
   117 | D:1      | Reached XP level 2. HP: 23/27 MP: 2/2
   692 | D:2      | You fall into a shaft and drop 2 floors!
   701 | D:4      | Reached skill level 5 in Axes
   701 | D:4      | Reached skill level 1 in Armour
   701 | D:4      | Reached XP level 3. HP: 24/33 MP: 3/3
   778 | D:4      | Noticed a phantom
   783 | D:4      | Killed a phantom
   784 | D:4      | Reached skill level 6 in Axes
   784 | D:4      | Reached XP level 4. HP: 39/41 MP: 4/4
   784 | D:4      | Reached XP level 5. HP: 45/47 MP: 5/5
   785 | D:4      | Noticed a phantom
   790 | D:4      | Noticed Pikel
   803 | D:4      | Killed a phantom
   803 | D:4      | Noticed a lemure
   811 | D:4      | Noticed a lemure
   812 | D:4      | Noticed a lemure
   813 | D:4      | Noticed a lemure
   824 | D:4      | Killed Pikel
   825 | D:4      | Reached skill level 8 in Axes
   825 | D:4      | Reached XP level 6. HP: 47/57 MP: 6/6
   825 | D:4      | Reached XP level 7. HP: 52/63 MP: 7/7
  1115 | D:2      | Noticed Robin
  1126 | D:2      | Killed Robin
  1530 | D:3      | Identified the +0 helmet of Twilight {Regen+ Dex+5}
  1608 | D:3      | Found a shimmering altar of Xom.
  1615 | D:3      | Found a broken altar of Ashenzari.
  1620 | D:3      | Found a burning altar of Makhleb.
  1921 | D:3      | Reached skill level 9 in Axes
  1956 | D:3      | Reached XP level 8. HP: 71/71 MP: 8/8
  2008 | D:3      | Noticed a +0 spear
  2008 | D:3      | Noticed a +0 dagger
  2008 | D:3      | Noticed a +0 short sword
  2008 | D:3      | Noticed a +0 falchion
  2008 | D:3      | Noticed a +0 falchion
  2009 | D:3      | Noticed a +0 spear
  2009 | D:3      | Noticed a +0 dagger
  2009 | D:3      | Noticed a +0 short sword
  2019 | D:3      | Found a hide-covered altar of Uskayaw.
  2376 | D:3      | Reached skill level 10 in Axes
  2376 | D:3      | Reached skill level 5 in Armour
  2745 | D:4      | Found an ancient bone altar of Kikubaaqudgha.
  2892 | D:4      | Found Raypaoly's General Store.
  3186 | D:4      | Noticed Grinder
  3207 | D:4      | Killed Grinder
  3208 | D:4      | Reached skill level 11 in Axes
  3208 | D:4      | Reached XP level 9. HP: 64/80 MP: 9/9
  3345 | D:5      | Entered Level 5 of the Dungeon
  3467 | D:5      | Found a staircase to the Ecumenical Temple.
  3556 | D:5      | Found an opulent altar of Gozag.
  3765 | D:5      | Became a worshipper of Beogh the Brigand
  3765 | D:5      | Reached * piety under Beogh
  3765 | D:5      | Reached ** piety under Beogh
  3769 | D:5      | Reached skill level 12 in Axes
  4084 | D:6      | Found a sand-covered staircase.
  4095 | Ossuary  | Entered an ossuary
  4206 | Ossuary  | Reached skill level 13 in Axes
  4281 | Ossuary  | Reached XP level 10. HP: 84/91 MP: 10/10
  4350 | Ossuary  | Reached *** piety under Beogh
  4456 | D:6      | Found a hazy altar of Hepliaklqana.
  4652 | D:6      | Found a sacrificial altar of Ru.
  5675 | D:6      | Found an ornate altar of the Wu Jian Council.
  6048 | D:7      | Gained Boderik as an ally
  6053 | D:7      | Reached skill level 14 in Axes
  7028 | D:8      | Reached skill level 10 in Fighting
  7431 | D:8      | Noticed Grum
  7443 | D:8      | Killed Grum
  7452 | D:8      | Reached skill level 15 in Axes
  7994 | D:8      | Reached **** piety under Beogh
  8000 | D:8      | Found a blossoming altar of Fedhas.
  8002 | D:8      | Identified the +0 ring mail "Luga" {+Blink Str+3 Int+3
                  | Dex-2}
  8184 | D:9      | Found Jittaos's Assorted Antiques.
  8217 | D:9      | Reached XP level 11. HP: 60/101 MP: 11/11
  8285 | D:9      | Paralysed by a hornet for 2 turns
  8398 | D:9      | Reached skill level 16 in Axes
  8451 | D:9      | Found Kotymith's Distillery.
  8459 | D:9      | Bought a potion of haste for 120 gold pieces
  8459 | D:9      | Bought a potion of heal wounds for 60 gold pieces
  8467 | D:9      | Noticed a two-headed ogre
  8473 | D:9      | Killed a two-headed ogre
  8473 | D:9      | Reached ***** piety under Beogh
  8474 | D:9      | Reached skill level 1 in Invocations
  8499 | D:9      | Noticed a two-headed ogre
  8506 | D:9      | Killed a two-headed ogre
  8590 | D:9      | Found a shimmering blue altar of Sif Muna.
  8739 | D:9      | Got the Parchment of Wanderlust and the Impact
  8805 | D:9      | Found Ramaocy's General Store.
  8836 | D:9      | Found Zetixzosk's Armour Shoppe.
  8946 | D:9      | Found a staircase to the Lair.
  9104 | D:9      | Found a radiant altar of Vehumet.
  9253 | D:10     | Entered Level 10 of the Dungeon
  9349 | D:10     | Noticed a two-headed ogre
  9353 | D:10     | Killed a two-headed ogre
  9482 | D:10     | Found a staircase to the Orcish Mines.
  9492 | D:10     | Gained Borgk as an ally
  9765 | D:10     | Identified the staff of fire "Hustrucvi" {Fragile rF+
                  | Dex+6}
  9893 | D:10     | Found Hoeguna's Assorted Antiques.
  9981 | D:10     | Found an iron altar of Okawaru.
 10154 | D:10     | Bought a glowing battleaxe for 247 gold pieces
 10948 | D:11     | Reached skill level 10 in Armour
 10995 | D:11     | Noticed a manticore
 11002 | D:11     | Killed a manticore
 11702 | D:11     | Noticed a skeletal warrior
 11703 | D:11     | Noticed a skeletal warrior
 11703 | D:11     | Noticed a skeletal warrior
 11711 | D:11     | Killed a skeletal warrior
 11712 | D:11     | Reached XP level 12. HP: 45/113 MP: 15/15
 12336 | Orc:1    | Entered Level 1 of the Orcish Mines
 13306 | Orc:1    | Reached skill level 5 in Invocations
 13345 | Orc:1    | Found Astur's Book Shoppe.
 13348 | Orc:1    | Noticed Erolcha
 13351 | Orc:1    | Killed Erolcha
 13517 | Orc:2    | Entered Level 2 of the Orcish Mines
 13531 | Orc:2    | Found a staircase to the Elven Halls.
 13545 | Orc:2    | Noticed an orc high priest
 13552 | Orc:2    | Found Naffats's Antique Armour Shop.
 13552 | Orc:2    | Noticed an orc high priest
 13559 | Orc:2    | Killed an orc high priest
 13560 | Orc:2    | Noticed an orc high priest
 13561 | Orc:2    | Noticed a sun demon
 13581 | Orc:2    | Found Ympyhoasm's Jewellery Shoppe.
 13581 | Orc:2    | Noticed an orc high priest
 13581 | Orc:2    | Noticed an orc high priest
 13601 | Orc:2    | Killed an orc high priest
 13691 | Orc:2    | Killed an orc high priest
 13692 | Orc:2    | Reached skill level 17 in Axes
 13703 | Orc:2    | Found a roughly hewn altar of Beogh.
 13703 | Orc:2    | Noticed an orc high priest
 13947 | Orc:2    | Found Qoxkof's Armour Shoppe.
 13947 | Orc:2    | Noticed an orc high priest
 13957 | Orc:2    | Found Sauporphu's Book Shop.
 13957 | Orc:2    | Noticed an orc high priest
 14153 | Orc:2    | Noticed an orc high priest
 14163 | Orc:2    | Killed an orc high priest
 14180 | Orc:2    | Found a roughly hewn altar of Beogh.
 15710 | Lair:1   | Entered Level 1 of the Lair of Beasts
 16972 | Lair:2   | Reached XP level 13. HP: 109/125 MP: 18/18
 17534 | Lair:2   | Identified the +4 hand axe of Telling Certain Death
                  | {freeze, Fly MP+9 Dex-2 SInv}
 17866 | Lair:3   | Gained Zartorak as an ally
 17935 | Lair:3   | Found a staircase to the Swamp.
 18006 | Lair:3   | Reached skill level 15 in Fighting
 18061 | Lair:3   | Identified the +1 leather armour "Neuph" {-Cast rF++ rCorr
                  | Stlth+}
 18144 | Lair:3   | Found a runed translucent door.
 18146 | Lair:3   | Noticed a reaper
 18237 | Lair:3   | Reached skill level 18 in Axes
 18522 | Lair:3   | Found a hole to the Spider Nest.
 18885 | Lair:4   | Reached ****** piety under Beogh
 19045 | Lair:4   | Identified the +2 cloak of Fiohuh {+Blink rElec Regen+
                  | Dex+4}
 19084 | Lair:4   | Your ally Zartorak died
 19738 | Lair:4   | Found a runed translucent door.
 19739 | Lair:4   | Noticed themarg's ghost (journeyman DsCA)
 20315 | Lair:4   | Killed themarg's ghost
 20570 | Lair:5   | Entered Level 5 of the Lair of Beasts
 20683 | Lair:5   | Reached XP level 14. HP: 138/138 MP: 21/21
 20725 | Lair:5   | Reached skill level 10 in Invocations
 20728 | Lair:5   | Identified the +0 robe of the Lonely Heavens {rF+++ Int-5
                  | Dex+3 Stlth+}
 20831 | Lair:5   | Found a gate leading to a gauntlet.
 20962 | Lair:5   | Found a staircase to the Slime Pits.
 20962 | Lair:5   | Found a viscous altar of Jiyva.
 21305 | Lair:5   | Reached skill level 19 in Axes
 21313 | Lair:5   | Identified the amulet "Guyneso" {Reflect rPois SH+5}
 21315 | Abyss:2  | Cast into level 2 of the Abyss (spriggan)
 21316 | Abyss:2  | Upgraded the game from 0.30-a0-1157-g2cc9ac7196 to
                  | 0.30-a0-1160-g6e42c06551
 21376 | Abyss:2  | Found a corrupted altar of Lugonu.
 21424 | Abyss:2  | Gained mutation: You are occasionally teleported next to
                  | monsters. [a neqoxec]
 21480 | Abyss:2  | Noticed a tentacled starspawn
 21493 | Abyss:2  | Killed a tentacled starspawn
 21504 | Abyss:2  | Noticed a dread lich
 21509 | Abyss:2  | Noticed an Ice Fiend
 21528 | Abyss:2  | Killed a dread lich
 21549 | Abyss:2  | Noticed a tentacled starspawn
 21556 | Abyss:2  | Killed a tentacled starspawn
 21579 | Lair:5   | Escaped the Abyss
 21618 | Lair:5   | Found a corrupted altar of Lugonu.
 21618 | Lair:5   | Found a one-way gate to the infinite horrors of the Abyss.
 21625 | Lair:5   | Reached XP level 15. HP: 124/149 MP: 23/23
 22433 | Spider:1 | Entered Level 1 of the Spider Nest
 22756 | Spider:1 | Your ally Borgk died
 22774 | Spider:1 | HP: 7/150 [entropy weaver (8)]
 22774 | Spider:1 | HP: 1/150 [spark wasp (4)]
 22774 | Spider:1 | Mangled by a spark wasp

Illustrated notes

Levels and vault maps discovered:
D:1:      wander_arrival_desolate, layout_basic
D:2:      layout_basic, uniq_robin
D:3:      lemuel_castle_with_subvaults [lemuel_castle_interior_original],
          layout_loops_ring, nicolae_uskayaw_en_pointe,
          minmay_overflow_temple_star_quad, kennysheep_pointless_box
D:4:      layout_loops_cross, kennysheep_vampire_church, serial_shops, shop,
          kennysheep_cross_bottleneck, uniq_pikel, uniq_grinder
D:5:      layout_rooms, kennysheep_little_box, minmay_temple_entry_mini_moons,
          kennysheep_opposing_triangles
D:6:      layout_basic, kennysheep_mini, mainiacjoe_overflow_paths,
          pdpol_wu_jian_five_deadly_venoms, gup_ossuary_entry_pyramid,
          grunt_ministairs_6, chequers_serial_rivers_micro_e, minivault_26
D:7:      layout_layer_cave, grunt_decor_arrowhead
D:8:      layout_layer_cave, nicolae_overflow_hidden_temple, uniq_grum
D:9:      layout_irregular_city, vehumet_altar_wand_db,
          mainiacjoe_overflow_chevrons, dpeg_oklobed_lair, serial_shops, shop,
          nicolae_shop_stone, shop, shop, hex_medium, minmay_fractal_squares_5
D:10:     layout_layer_cave, hellmonk_okawaru_the_only_friend_you_need,
          erik_orc_4, serial_shops, shop, hangedman_corner_corridor
D:11:     layout_grid_maze
Lair:1:   layout_cave_pods, serial_bayou_ford_a
Lair:2:   layout_concentric_octagons
Lair:3:   layout_long_grid, nicolae_swamp_entry_splash_gauntlet,
          dummy_spider_entry, pdpol_lair_cabin_in_the_woods,
          serial_bayou_shore_b
Lair:4:   layout_hall_layers, gammafunk_ghost_grave, cheibrodos_lair_lostbears
Lair:5:   hellmonk_lair_end_abyssal_woods, layout_small_grid,
          minmay_slime_entry_oklob_open, gauntlet_entry_generic,
          nicolae_lair_lindhole
Spider:1: layout_chambers, nicolae_spider_webbed_stairs
Orc:1:    layout_caves, serial_shops, shop, uniq_erolcha
Orc:2:    st_orc_town, layout_caves, minmay_orc_temple_b

Skill      XL: |  1  2  3  4  5  6  7  8  9 10 11 12 13 14 15 |
---------------+----------------------------------------------+-----
Fighting       | 4 6 7 9 10 12 14 16 18 | 18.5
Axes           | 5 6 8 9 11 13 15 16 17 18 19 | 19.6
Armour         | 1 2 4 6 7 8 10 11 12 13 | 13.7
Invocations    | 4 7 9 11 12 | 12.0
Dodging        | |  2.4

Action                     |  1- 3 |  4- 6 |  7- 9 | 10-12 | 13-15 || total
---------------------------+-------+-------+-------+-------+-------++-------
  Melee: Hand axe          |    43 |     6 |   367 |   407 |   275 ||  1098
         Unarmed           |       |     7 |       |       |       ||     7
         Battleaxe         |       |       |       |       |   245 ||   245
 Invoke: Convert to Beogh  |       |       |     1 |       |       ||     1
         Give Item to Name |       |       |       |     1 |       ||     1
         Recall Orcish Fol |       |       |       |       |     1 ||     1
Ability: Evoke Blink       |       |       |       |       |     1 ||     1
    Use: Potion            |       |     5 |     1 |       |     3 ||     9
         Scroll            |       |       |    11 |    14 |     7 ||    32
   Stab: Distracted        |       |       |       |     8 |    13 ||    21
 Armour: Ring mail         |    20 |       |    56 |       |       ||    76
         Skin              |       |    43 |    25 |       |       ||    68
         Chain mail        |       |       |   137 |    74 |       ||   211
         Plate armour      |       |       |       |   232 |   286 ||   518
  Dodge: Dodged            |    28 |    10 |   200 |   219 |   163 ||   620
  Block: Orb               |       |       |       |       |    20 ||    20
         Other             |       |       |       |       |    47 ||    47

Table legend: (Time is in decaauts)
 A = Elapsed time spent in this place.
 B = Non-inter-level travel time spent in this place.
 C = Inter-level travel time spent in this place.
 D = Time resting spent in this place.
 E = Time spent auto-exploring this place.
 F = Levels seen in this place.
 G = Mean time per level.
                   A        B        C        D        E       F      G
               +--------+--------+--------+--------+--------+-----+--------+
         Total |  22712 |  21685 |   1027 |   4557 |  11833 |  21 | 1081.5 |
       Dungeon |  13553 |  12865 |    688 |   2764 |   7335 |  11 | 1232.1 |
          Lair |   6226 |   5888 |    338 |    940 |   3437 |   5 | 1245.2 |
   Spider Nest |     82 |     82 |      0 |      0 |      0 |   1 |   82.0 |
  Orcish Mines |   2234 |   2234 |      0 |    808 |    857 |   2 | 1117.0 |
         Abyss |    240 |    240 |      0 |     45 |     45 |   1 |  240.0 |
       Ossuary |    374 |    374 |      0 |      0 |    159 |   1 |  374.0 |
               +--------+--------+--------+--------+--------+-----+--------+

Top non-repeatable levels by time:
    D:10: 2296 daAuts
     D:6: 1698 daAuts
     D:8: 1677 daAuts
  Lair:4: 1553 daAuts
     D:9: 1519 daAuts
   Orc:2: 1502 daAuts
  Lair:3: 1408 daAuts
     D:3: 1346 daAuts
    D:11: 1263 daAuts
  Lair:1: 1194 daAuts
  Lair:5: 1136 daAuts
     D:7: 1129 daAuts
  Lair:2: 934 daAuts
     D:4: 917 daAuts
   Orc:1: 732 daAuts
